 Dungeon Crawl Stone Soup version 0.30.0-29-ga12c61a403 (webtiles) character file.

Game seed: 8765709552321415089

79 safid the Chiller (level 4, -3/33 HPs)
             Began as a Merfolk Ice Elementalist on June 12, 2023.
             Killed by nerve-wracking pain
             ... invoked by Grinder
              (10 damage)
             ... while paralysed by Grinder
             ... on level 3 of the Dungeon.
             The game lasted 00:03:37 (2396 turns).

safid the Chiller (Merfolk Ice Elementalist)        Turns: 2396, Time: 00:03:37

Health: -3/33      AC:  8    Str:  8    XL:     4   Next: 37%
Magic:  5/8        EV:  2    Int: 16    God:
Gold:   59         SH:  0    Dex: 14    Spells: 1/8 levels left

rFire   . . .        l - +1 dagger (flame)
rCold   . . .        (no shield)
rNeg    . . .        a - +0 robe
rPois   .            (no helmet)
rElec   .            (no cloak)
rCorr   .            (no gloves)
SInv    .            (no boots)
Will    .....        (no amulet)
Stlth   ++           (no ring)
HPRegen 0.25/turn    (no ring)
MPRegen 0.11/turn

%: no passive effects
@: paralysed, ice-armoured
A: (nimble swimmer 2), mertail
a: no special abilities


You were on level 3 of the Dungeon.
You visited 1 branch of the dungeon, and saw 3 of its levels.

You collected 59 gold pieces.

Inventory:

Hand Weapons
 l - a +1 dagger of flaming (weapon)
Armour
 a - a +0 robe (worn)
Scrolls
 c - 2 scrolls of poison {unknown}
 e - 6 scrolls of identify {unknown}
 f - a scroll of fog {unknown}
 i - a scroll of summoning {unknown}
 j - a scroll of enchant armour {unknown}
 n - a scroll of brand weapon {unknown}
 o - a scroll of noise {unknown}
Potions
 b - a potion of magic
 d - 2 potions of flight {unknown}
 g - 2 potions of curing {unknown}
 h - a potion of mutation {unknown}
 k - 2 potions of degeneration {unknown}
 m - 2 potions of heal wounds {unknown}


   Skills:
 + Level 2.2 Fighting
 - Level 2.6 Dodging
 - Level 2.1 Stealth
 + Level 2.8 Spellcasting
 + Level 5.1 Ice Magic


You had one spell level left.
You knew the following spells:

 Your Spells              Type           Power      Damage    Failure   Level
a - Freeze                Ice            72%        1d8       2%          1
b - Frozen Ramparts       Ice            36%        1d6       7%          3
c - Ozocubu's Armour      Ice            18%        N/A       7%          3

Your spell library contained the following spells:

 Spells                   Type           Power      Damage    Failure   Level
 Ice Form                 Ice/Tmut       10%        N/A       54%         4
 Summon Ice Beast         Ice/Summ       10%        N/A       54%         4


Dungeon Overview and Level Annotations

Branches:
Dungeon (3/15)

Altars:

Annotations:
D:3 Grinder


Innate Abilities, Weirdness & Mutations

((You are very nimble when in or above water. (Stealth+, EV+, Speed+++)))
Your lower body shifts to a powerful aquatic tail in water.


Message History

Unknown command.
Unknown command.
Unknown command.
Unknown command.
Unknown command.
Unknown command.
Unknown command.
Unknown command.
Unknown command.
Unknown command.
Unknown command.
Unknown command.
Unknown command.
Casting: Freeze (safe; 2% risk of failure)
Confirm with . or Enter, or press ? or * to list all spells.
The spell is quite dangerous to miscast (7% risk of failure)!
Continue anyway? [Y]es or [N]o only, please.
The spell is quite dangerous to miscast (7% risk of failure)!
Continue anyway?
Okay, then.
Unknown command.
Casting: Ozocubu's Armour (quite dangerous; 7% risk of failure)
Confirm with . or Enter, or press ? or * to list all spells.
The spell is quite dangerous to miscast (7% risk of failure)!
Continue anyway? [Y]es or [N]o only, please.
The spell is quite dangerous to miscast (7% risk of failure)!
Continue anyway?
A film of ice covers your body! Grinder completely misses you.
Unknown command.
You closely miss Grinder. Grinder hits you.
You hit Grinder. You burn Grinder.
Grinder is lightly wounded.
Grinder gestures at you.
You suddenly lose the ability to move!
Grinder hits you.
* * * LOW HITPOINT WARNING * * *
You writhe in agony.
* * * LOW HITPOINT WARNING * * *
Grinder completely misses you. Grinder gestures at you.
Pain shoots through your body!
You die...

... #..#.######
### #......<..#...
#.##.####.#.#
#..)......#
#..####.#####.#
#...........)....
.#########.#####.#
.......@5..#
.###########


You could see Grinder.

Vanquished Creatures
  3 gnolls (D:2)
  A worm (D:2)
  6 ball pythons
  6 bats
  6 endoplasms
  A giant cockroach (D:1)
  A goblin (D:2)
  3 hobgoblins
  2 jackals (D:1)
  6 kobolds
  A quokka (D:2)
  3 frilled lizards
  4 rats
43 creatures vanquished.

Notes
Turn   | Place    | Note
-------+----------+-------------------------------------------
     0 | D:1      | safid the Merfolk Ice Elementalist began the quest for the
                  | Orb.
     0 | D:1      | Reached XP level 1. HP: 13/13 MP: 3/3
   300 | D:1      | Reached XP level 2. HP: 13/20 MP: 5/5
   448 | D:1      | Reached skill level 1 in Fighting
  1013 | D:2      | Reached XP level 3. HP: 17/26 MP: 4/6
  1613 | D:1      | Learned a level 3 spell: Frozen Ramparts
  1617 | D:1      | Learned a level 3 spell: Ozocubu's Armour
  1727 | D:2      | Reached skill level 5 in Ice Magic
  1731 | D:2      | Reached XP level 4. HP: 12/33 MP: 1/8
  2384 | D:3      | Noticed Grinder
  2386 | D:3      | Paralysed by Grinder for 5 turns
  2393 | D:3      | Paralysed by Grinder for 4 turns
  2396 | D:3      | Killed from afar by Grinder

Illustrated notes

Levels and vault maps discovered:
D:1:      dpeg_arrival_stone_temple_mockup, layout_loops_ring
D:2:      layout_basic, serial_bayou, serial_bayou_crossing,
          serial_bayou_pond_d, serial_bayou_pond_e, serial_bayou_pond_b
D:3:      wad_crossroads, layout_basic, mainiacjoe_overflow_paths,
          nicolae_overflow_two_pavilions, uniq_grinder

Skill      XL: |  1  2  3 |
---------------+----------+-----
Fighting       | 1 2 |  2.2
Ice Magic      | 5 |  5.1
Dodging        | |  2.6
Stealth        | |  2.1
Spellcasting   | |  2.8

Action                     |  1- 3 |  4- 6 || total
---------------------------+-------+-------++-------
  Melee: Dagger            |    62 |     7 ||    69
         Unarmed           |     1 |       ||     1
         Punch             |     1 |       ||     1
   Cast: Freeze            |    36 |     6 ||    42
         Frozen Ramparts   |     1 |       ||     1
         Ozocubu's Armour  |       |     1 ||     1
   Stab: Sleeping          |     6 |     1 ||     7
 Armour: Robe              |    13 |     2 ||    15
  Dodge: Dodged            |    64 |     7 ||    71
